 Dungeon Crawl Stone Soup version 0.25-a0-701-gb30f108f01 (webtiles) character file.

Game seed: 9253834157929803698, levelgen mode: deterministic

6156 Conn the Thaumaturge (level 10, 0/56 HPs)
             Began as an Octopode Wizard on Apr 3, 2020.
             Was a Priest of Sif Muna.
             Slain by a yak (17 damage)
             ... on level 11 of the Dungeon.
             The game lasted 00:38:56 (11831 turns).

Conn the Thaumaturge (Octopode Wizard)             Turns: 11831, Time: 00:38:57

Health: 0/56       AC:  5    Str:  8 (10) XL:     10   Next: 90%
Magic:  21/22      EV: 14    Int: 19 (21) God:    Sif Muna [***...]
Gold:   162        SH:  0    Dex:  8 (10) Spells: 14/25 levels left

rFire    . . .     SeeInvis +   J - +2 flail of Experimentation {distort, rPois}
rCold    . . .     Gourm    .   (no shield)
rNeg     . . .     Faith    .   a - +2 hat
rPois    +         Spirit   .   n - amulet of magic regeneration
rElec    .         Reflect  .   r - ring of protection from magic
rCorr    +         Harm     .   y - ring of see invisible
MR       +....     Clarity  +   Q - ring of resist corrosion
Stlth    ++++......             U - ring of poison resistance
HPRegen  0.18/turn              (no ring)
MPRegen  0.43/turn              (no ring)
                                (no ring)
                                (no ring)

@: lightly drained
A: almost no armour, stealthy swim, amphibious, 8 rings, constrict 8, fangs 1,
tentacle spike 1, iridescent scales 1, camouflage 1, clarity, deterioration 1,
frail 1, gelatinous body 1
a: Channel Magic, Forget Spell, Renounce Religion


You were on level 11 of the Dungeon.
You worshipped Sif Muna.
Sif Muna was most pleased with you.
You were not hungry.

You visited 2 branches of the dungeon, and saw 12 of its levels.

You collected 632 gold pieces.
You spent 470 gold pieces at shops.

Inventory:

Hand Weapons
 k - a +0 dagger
 p - a +0 short sword
 q - a +5 quarterstaff of chaos
 D - a +3 flail of venom
 E - a +8 great mace
 I - a +2 hand axe of electrocution
 J - the +2 flail of Experimentation (weapon) {distort, rPois}
   (You bought it in a shop on level 6 of the Dungeon)

   It warps and distorts space around it.
   Unwielding it can cause banishment or high damage.
   It protects you from poison.
 L - a +2 short sword of venom
Missiles
 g - 115 bolts
 x - 89 sling bullets
 z - 3 boomerangs of dispersal
 T - a throwing net (quivered)
Armour
 a - a +2 hat (worn)
Magical Staves
 o - an uncursed staff of poison
Jewellery
 e - an uncursed amulet of the gourmand
 n - an amulet of magic regeneration (around mantle)
 r - a ring of protection from magic (left tentacle)
 s - an uncursed amulet of the acrobat {unknown}
 v - a cursed amulet of inaccuracy {unknown}
 y - a ring of see invisible (right tentacle)
 Q - a ring of resist corrosion (on tentacle)
 U - a ring of poison resistance (on tentacle)
Wands
 h - a wand of flame (51)
 G - a wand of paralysis (7)
Scrolls
 b - 3 scrolls of random uselessness
 i - 7 scrolls of teleportation
 j - a scroll of immolation
 l - a scroll of blinking
 u - 7 scrolls of identify
 A - a scroll of enchant weapon
 B - 4 scrolls of remove curse
 F - a scroll of magic mapping
 K - a scroll of fog
 N - a scroll of enchant armour
Potions
 d - a potion of stabbing
 f - a potion of lignification
 m - 2 potions of curing
 t - 2 potions of degeneration
 H - 2 potions of heal wounds
Comestibles
 c - 23 rations
 w - 26 chunks of flesh


   Skills:
 * Level 4.0(3.8) Fighting
 * Level 5.6(6.7) Maces & Flails
 + Level 5.9(6.8) Staves
 * Level 4.5(4.3) Dodging
 - Level 6.7(6.5) Stealth
 * Level 8.1(7.9) Spellcasting
 * Level 5.5(5.4) Conjurations
 + Level 2.7(2.5) Summonings
 + Level 3.0(2.9) Translocations
 + Level 4.1(3.9) Air Magic
 + Level 1.4(1.3) Poison Magic


You had 14 spell levels left.
You knew the following spells:

 Your Spells              Type           Power        Failure   Level  Hunger
a - Magic Dart            Conj           ####         1%          1    None
b - Blink                 Tloc           N/A          4%          2    None
c - Call Imp              Summ           ###.....     4%          2    None
d - Conjure Flame         Conj/Fire      ###.....     9%          3    None
e - Mephitic Cloud        Conj/Pois/Air  ###.....     6%          3    None

Your spell library contained the following spells:

 Spells                   Type           Power        Failure   Level  Hunger
 Slow                     Hex            #.......     14%         2    None


Dungeon Overview and Level Annotations

Branches:
Dungeon (11/15)            Temple (1/1) D:5             Orc (0/2) D:10
   Lair: D:8-11

Altars:
Ashenzari
Cheibriados
Dithmenos
Elyvilon
Fedhas
Gozag
Hepliaklqana
Kikubaaqudgha
Makhleb
Nemelex Xobeh
Okawaru
Qazlal
Ru
Sif Muna
Trog
Uskayaw
Vehumet
Wu Jian
Xom
Yredelemnul
Zin
The Shining One

Shops:
D:6 ([   D:9 *

Annotations:
D:9 2 transporters, exclusion: obsidian statue


Innate Abilities, Weirdness & Mutations

You cannot wear most types of armour.
You are very stealthy in the water. (Stealth+)
You are amphibious.
You can wear up to eight rings at the same time.
You can use your tentacles to constrict eight enemies at once.
Your skin changes colour to match your surroundings (Stealth+).
Your rubbery body absorbs attacks. (AC +1, EV +1)
You have very sharp teeth.
One of your tentacles bears a spike.
You are partially covered in iridescent scales. (AC +2)
You possess an exceptional clarity of mind.
Your body sometimes deteriorates upon taking damage.
You are frail. (-10% HP)


Message History

The yak is engulfed in noxious fumes.
The yak appears confused.
The yak is engulfed in noxious fumes.
The yak appears confused.
The yak closely misses the yak.
Unknown command.
Unknown command.
The yak is engulfed in noxious fumes.
The yak appears confused.
The yak gores the yak.
The yak is engulfed in noxious fumes.
The yak appears confused.
The yak is engulfed in noxious fumes.
You sock the yak!
The yak is moderately wounded.
The yak disappears!
The yak is engulfed in noxious fumes.
The yak appears confused.
The yak is engulfed in noxious fumes.
The yak appears confused.
You hit the yak.
The yak is lightly wounded.
The yak blinks!
The yak is engulfed in noxious fumes.
A yak comes into view.
The yak is engulfed in noxious fumes.
The yak appears confused.
The yak gores you!
You die...

## Y .## .. .
.. .# .#.# .
#.. #. #.# #
#####○##>###.#
#...YY°......#
#...Y○Y.@Y..#
#####.##.##.#
.. #.# ## #.#
#$# #.# #.#
...


You could see 6 yaks.

Vanquished Creatures
  A two-headed ogre (D:8)
  An orb spider (D:6)
  A troll (D:9)
  Grinder (D:3)
  A hippogriff (D:9)
  Sigmund (D:4)
  2 yaks (D:9)
  A wyvern (D:9)
  A hungry ghost (D:9)
  Menkaure (D:4)
  Edmund (D:4)
  The ghost of kuniqs the Magician, an amateur DEWz (D:4)
  2 sky beasts
  3 orc warriors
  A black bear (D:6)
  A phantom (D:8)
  3 centaurs
  An ogre (D:9)
  5 bullfrogs
  2 scorpions
  5 howler monkeys
  4 crimson imps
  A centaur zombie (D:8)
  A quasit (D:9)
  A bullfrog skeleton (D:4)
  3 jellies
  15 orc wizards
  7 hounds
  6 orc priests
  Ijyb (D:3)
  3 iguanas
  6 worker ants
  A hound zombie (D:5)
  A hound skeleton (D:8)
  A howler monkey zombie (D:6)
  9 gnolls
  5 adders
  2 shadow imps
  An ooze (D:2)
  An adder skeleton (D:5)
  4 worms
  3 dart slugs (D:1)
  6 leopard geckos
  52 orcs
  4 ball pythons
  A giant cockroach (D:5)
  7 goblins
  11 hobgoblins
  8 jackals
  2 quokkas
  11 bats
  6 frilled lizards
  2 jackal skeletons
  4 kobolds
  2 quokka zombies
  11 rats
239 creatures vanquished.

Vanquished Creatures (collateral kills)
  2 ogres (D:4)
  Crazy Yiuf (D:2)
3 creatures vanquished.

Vanquished Creatures (others)
  A wyvern (D:8)
  A yak (D:9)
  An orc wizard (D:8)
  A worker ant (D:9)
4 creatures vanquished.

Grand Total: 246 creatures vanquished

Notes
Turn   | Place    | Note
-------+----------+-------------------------------------------
     0 | D:1      | Conn the Octopode Wizard began the quest for the Orb.
     0 | D:1      | Reached XP level 1. HP: 11/11 MP: 4/4
    51 | D:1      | Reached XP level 2. HP: 10/17 MP: 6/6
   725 | D:1      | Reached XP level 3. HP: 21/21 MP: 4/8
  1128 | D:2      | Learned a level 2 spell: Blink
  1131 | D:2      | Learned a level 2 spell: Call Imp
  1135 | D:2      | Learned a level 3 spell: Conjure Flame
  1569 | D:2      | Reached skill level 4 in Spellcasting
  1818 | D:2      | Reached XP level 4. HP: 12/27 MP: 8/10
  2225 | D:2      | Found a runed translucent door.
  2226 | D:2      | Noticed Crazy Yiuf
  2240 | D:2      | Killed Crazy Yiuf
  2751 | D:3      | Learned a level 3 spell: Mephitic Cloud
  2762 | D:3      | Reached skill level 1 in Staves
  2762 | D:3      | Reached XP level 5. HP: 16/31 MP: 7/11
  3119 | D:3      | Noticed Ijyb
  3142 | D:3      | Killed Ijyb
  3399 | D:3      | Noticed Grinder
  3444 | D:3      | Killed Grinder
  3444 | D:3      | Reached XP level 6. HP: 28/37 MP: 2/12
  4516 | D:4      | Reached XP level 7. HP: 40/42 MP: 14/14
  4618 | D:4      | Reached skill level 5 in Spellcasting
  4630 | D:4      | Reached skill level 1 in Fighting
  4652 | D:4      | Found a bloodstained altar of Trog.
  5024 | D:4      | Found a transporter.
  5025 | D:4      | Noticed kuniqs's ghost (amateur DEWz)
  5026 | D:4      | Found a transporter.
  5062 | D:4      | Noticed Menkaure
  5097 | D:4      | Killed Menkaure
  5479 | D:4      | Noticed Sigmund
  5486 | D:4      | Killed Sigmund
  5486 | D:4      | Reached XP level 8. HP: 48/48 MP: 11/16
  5672 | D:4      | Noticed Edmund
  5700 | D:4      | Killed Edmund
  5700 | D:4      | Reached skill level 6 in Spellcasting
  5736 | D:4      | Reached skill level 1 in Air Magic
  5755 | D:4      | Killed kuniqs's ghost
  5863 | D:5      | Entered Level 5 of the Dungeon
  5872 | D:5      | Reached skill level 5 in Stealth
  6380 | D:5      | Found a staircase to the Ecumenical Temple.
  6395 | Temple   | Entered the Ecumenical Temple
  6444 | Temple   | Became a worshipper of Sif Muna the Loreminder
  6489 | D:5      | Reached XP level 9. HP: 17/53 MP: 14/19
  6966 | D:5      | Found a stormy altar of Qazlal.
  7110 | D:6      | Noticed Prince Ribbit
  7120 | D:6      | Noticed Prince Ribbit
  7120 | D:6      | Prince Ribbit changed into Prince Ribbit the orb spider
  7123 | D:6      | Killed Prince Ribbit the orb spider
  7123 | D:6      | Reached skill level 5 in Staves
  7123 | D:6      | Reached skill level 7 in Spellcasting
  7516 | D:6      | Found Vupurr's Antique Armour Emporium.
  7623 | D:6      | Found Jabatasm's Antique Weapon Emporium.
  7641 | D:6      | Reached * piety under Sif Muna
  7661 | D:6      | Bought a translucent flail for 238 gold pieces
  7661 | D:6      | Identified the cursed +2 flail of Experimentation {distort,
                  | rPois} (You bought it in a shop on level 6 of the Dungeon)
  7767 | D:6      | Reached skill level 1 in Maces & Flails
  7962 | D:6      | Found a sacrificial altar of Ru.
  9228 | D:8      | Noticed a two-headed ogre
  9243 | D:8      | Killed a two-headed ogre
  9243 | D:8      | Reached skill level 5 in Conjurations
  9243 | D:8      | Reached skill level 1 in Poison Magic
  9243 | D:8      | Reached XP level 10. HP: 60/61 MP: 6/21
  9369 | D:8      | Reached ** piety under Sif Muna
 10349 | D:9      | Reached skill level 8 in Spellcasting
 10374 | D:9      | Found a transporter.
 10428 | D:9      | Found a transporter.
 10701 | D:9      | Found Keudoh's Assorted Antiques.
 10753 | D:9      | Bought a scroll of blinking for 232 gold pieces
 10774 | D:9      | Reached skill level 5 in Maces & Flails
 11025 | D:9      | Noticed an obsidian statue
 11164 | D:9      | Gained mutation: You are dopey. (Int -2) [mutagenic glow]
 11196 | D:9      | Gained mutation: Your spells are a little easier to cast,
                  | but a little less powerful. [mutagenic glow]
 11245 | D:9      | Lost mutation: You are dopey. (Int -2) [potion of mutation]
 11245 | D:9      | Lost mutation: Your spells are a little easier to cast, but
                  | a little less powerful. [potion of mutation]
 11245 | D:9      | Gained mutation: Your magical capacity is low. (-10% MP)
                  | [potion of mutation]
 11245 | D:9      | Gained mutation: Scrolls take you a little longer to read.
                  | [potion of mutation]
 11245 | D:9      | Gained mutation: You possess an exceptional clarity of
                  | mind. [potion of mutation]
 11246 | D:9      | Lost mutation: Scrolls take you a little longer to read.
                  | [potion of mutation]
 11246 | D:9      | Lost mutation: Your magical capacity is low. (-10% MP)
                  | [potion of mutation]
 11246 | D:9      | Gained mutation: You have very sharp teeth. [potion of
                  | mutation]
 11246 | D:9      | Gained mutation: Your spells are a little easier to cast,
                  | but a little less powerful. [potion of mutation]
 11246 | D:9      | Gained mutation: Your body sometimes deteriorates upon
                  | taking damage. [potion of mutation]
 11246 | D:9      | Gained mutation: You are partially covered in iridescent
                  | scales. (AC +2) [potion of mutation]
 11247 | D:9      | Lost mutation: You are partially covered in iridescent
                  | scales. (AC +2) [potion of mutation]
 11247 | D:9      | Lost mutation: Your body sometimes deteriorates upon taking
                  | damage. [potion of mutation]
 11247 | D:9      | Lost mutation: Your spells are a little easier to cast, but
                  | a little less powerful. [potion of mutation]
 11247 | D:9      | Gained mutation: You are partially covered in iridescent
                  | scales. (AC +2) [potion of mutation]
 11247 | D:9      | Gained mutation: You are frail. (-10% HP) [potion of
                  | mutation]
 11247 | D:9      | Gained mutation: Your body sometimes deteriorates upon
                  | taking damage. [potion of mutation]
 11247 | D:9      | Gained mutation: One of your tentacles bears a spike.
                  | [potion of mutation]
 11348 | D:10     | Entered Level 10 of the Dungeon
 11703 | D:10     | Found a staircase to the Orcish Mines.
 11712 | D:10     | Reached *** piety under Sif Muna
 11793 | D:10     | Noticed a tengu warrior
 11831 | D:11     | Slain by a yak

Levels and vault maps discovered:
D:1:      lemuel_arrival_river_ford, layout_basic, minmay_pentomino_w4
D:2:      layout_basic, uniq_crazy_yiuf_cottage
D:3:      minmay_evil_eye, layout_basic, minmay_door_square, uniq_ijyb,
          uniq_grinder
D:4:      layout_loops_cross, old_standard_altar, gammafunk_ghost_smash,
          uniq_sigmund, uniq_edmund, uniq_menkaure
D:5:      layout_loops_cross, minmay_temple_entry_hall, first_ration,
          nicolae_qazlal_eye_of_the_storm
D:6:      layout_basic, serial_shops, kennysheep_little_box,
          nicolae_shop_overgrown_old_shop, nicolae_ru_the_path_less_chosen,
          uniq_prince_ribbit1
D:7:      layout_loops_ring
D:8:      layout_basic
D:9:      gammafunk_cloud_chamber, layout_rooms, serial_shops, shop,
          grunt_ogre_cave, minmay_misc_feat_x, nicolae_benzene_ring,
          minmay_statue_bubble
D:10:     layout_basic, hiddenorc2_lemuel, chequers_serial_rivers_small_3,
          onia_ninara_cookie
D:11:     layout_loops_ring, lair_entry_dummy, uniq_harold
Temple:   nicolae_temple_the_god_donut

Skill      XL: |  1  2  3  4  5  6  7  8  9 10 |
---------------+-------------------------------+-----
Spellcasting   | 4 5 6 7 8 |  8.1
Dodging        | 3 4 |  4.5
Staves         | 1 2 3 4 5 |  5.9
Stealth        | 3 4 5 6 |  6.7
Conjurations   | 2 3 5 |  5.5
Translocations | 2 3 |  3.0
Fighting       | 1 2 4 |  4.0
Summonings     | 2 |  2.7
Air Magic      | 1 3 4 |  4.1
Maces & Flails | 2 5 |  5.6
Poison Magic   | 1 |  1.4

Action                   |  1- 3 |  4- 6 |  7- 9 | 10-12 || total
-------------------------+-------+-------+-------+-------++-------
Melee: Unarmed           |    49 |       |       |       ||    49
       Tentacles         |    12 |    12 |    33 |    17 ||    74
       Constrict         |    13 |    17 |    42 |    32 ||   104
       Dagger            |    26 |     1 |       |       ||    27
       Quarterstaff      |       |    40 |   111 |    22 ||   173
       Staff             |       |    39 |    33 |       ||    72
       Flail             |       |       |    52 |   170 ||   222
       Kick              |       |       |       |     9 ||     9
       Bite              |       |       |       |     2 ||     2
 Cast: Magic Dart        |    51 |    47 |    41 |    23 ||   162
       Call Imp          |     1 |    13 |    17 |       ||    31
       Mephitic Cloud    |       |     4 |    20 |    13 ||    37
       Conjure Flame     |       |       |     2 |       ||     2
       Blink             |       |       |     1 |     4 ||     5
  Use: Potion            |       |     1 |       |    11 ||    12
       Scroll            |       |       |    11 |     2 ||    13
 Stab: Sleeping          |     3 |     6 |     5 |     6 ||    20
       Petrified         |       |     5 |       |       ||     5
       Confused          |       |     2 |     5 |     1 ||     8
       Petrifying        |       |     1 |       |       ||     1
       Paralysed         |       |     1 |       |       ||     1
       Distracted        |       |       |     1 |       ||     1
  Eat: Chunk             |    11 |     1 |    16 |     8 ||    36
       Ration            |       |       |       |     1 ||     1
Armor: Skin              |     7 |     6 |    13 |    24 ||    50
Dodge: Dodged            |    52 |    49 |   103 |   141 ||   345

Table legend:
 A = Non-vault XP
 B = Vault XP
 C = Vault XP percentage of total XP
 D = Non-vault monster count
 E = Vault monster count
 F = Vault count percentage of total count
                 A         B        C        D         E       F
            +---------+---------+-------+---------+---------+-------
      Total |    6557 |    2238 |  25.4 |     194 |      52 |  21.1
            +---------+---------+-------+---------+---------+-------
        D:1 |      56 |      14 |  20.0 |      23 |       8 |  25.8
        D:2 |      35 |      22 |  38.6 |      20 |       1 |   4.8
        D:3 |     194 |     274 |  58.5 |      24 |       4 |  14.3
        D:4 |     396 |     742 |  65.2 |      20 |       6 |  23.1
        D:5 |     821 |       0 |   0.0 |      28 |       0 |   0.0
        D:6 |     848 |     566 |  40.0 |      25 |       1 |   3.8
        D:7 |     289 |       0 |   0.0 |       7 |       0 |   0.0
        D:8 |    2245 |       0 |   0.0 |      30 |       0 |   0.0
        D:9 |    1673 |     118 |   6.6 |      17 |       3 |  15.0
       D:10 |       0 |     502 | 100.0 |       0 |      29 | 100.0
            +---------+---------+-------+---------+---------+-------
